 Dungeon Crawl Stone Soup version 0.25-a0-425-g0e000e855e (webtiles) character file.

Game seed: 16459462573629853975, levelgen mode: deterministic

406 Kohma the Changer (level 6, -3/51 HPs)
             Began as a Naga Transmuter on Jan 24, 2020.
             Slain by Edmund
             ... wielding a +5 flail of draining
              (4 damage)
             ... on level 4 of the Dungeon.
             The game lasted 00:12:56 (5478 turns).

Kohma the Changer (Naga Transmuter)                 Turns: 5478, Time: 00:12:57

Health: -3/51      AC:  2    Str: 13    XL:     6   Next: 87%
Magic:  5/10       EV: 17    Int: 15    God:
Gold:   159        SH:  0    Dex: 16    Spells: 5/11 levels left

rFire    . . .     SeeInvis +     - Unarmed
rCold    . . .     Gourm    .   (shield currently unavailable)
rNeg     . . .     Faith    .   (armour currently unavailable)
rPois    x         Spirit   .   (helmet currently unavailable)
rElec    .         Reflect  .   (cloak currently unavailable)
rCorr    .         Harm     .   (gloves currently unavailable)
MR       .....                  (no barding)
Stlth    +.........             (no amulet)
HPRegen  0.17/turn              (no ring)
MPRegen  0.12/turn              (no ring)

@: spider-form (expiring), very slightly contaminated, heavily drained
A: tiny, see invisible, slow metabolism 1, spit poison 1, AC +2
a: Spit Poison, End Transformation


You were on level 4 of the Dungeon.
You were very hungry.
You were a venomous arachnid creature.
You visited 1 branch of the dungeon, and saw 4 of its levels.

You collected 159 gold pieces.

Inventory:

Hand Weapons
 j - a +1 dagger of venom
Missiles
 a - 73 arrows
 e - a throwing net (quivered)
 k - 31 poisoned darts
Armour
 b - a +0 robe (melded)
 l - a scarf of resistance (melded)
Wands
 o - a wand of paralysis (9)
Scrolls
 i - a scroll of magic mapping
 m - 3 scrolls of remove curse
 q - 2 scrolls of immolation
Potions
 c - 2 potions of heal wounds
 f - a potion of invisibility
 g - a potion of degeneration {unknown}
 h - a potion of curing {unknown}
 n - a potion of lignification
 r - a potion of agility {unknown}
Comestibles
 d - 6 rations


   Skills:
 - Level 1.0(0.0) Fighting
 - Level 1.5(0.0) Dodging
 - Level 3.0(1.1) Unarmed Combat
 - Level 3.0(1.1) Spellcasting
 * Level 6.5(4.5) Transmutations
 - Level 1.2(0.0) Poison Magic


You had 5 spell levels left.
You knew the following spells:

 Your Spells              Type           Power        Failure   Level  Hunger
a - Beastly Appendage     Tmut           ##....       12%         1    ##.....
b - Sticks to Snakes      Tmut           ##......     17%         2    ###....
c - Spider Form           Tmut/Pois      #.........   50%         3    ####...

Your spell library contained the following spells:

 Spells                   Type           Power        Failure   Level  Hunger
 Ice Form                 Ice/Tmut       #.......     85%         4    #####..
 Blade Hands              Tmut           ##........   87%         5    ######.


Dungeon Overview and Level Annotations

Branches:
Dungeon (4/15)
 Temple: D:4-7

Altars:
Makhleb

Shops:
D:4 :

Annotations:
D:4 Edmund


Innate Abilities, Weirdness & Mutations

You cannot wear boots.
((Your serpentine skin is tough. (AC +2)))
You have supernaturally acute eyesight. (SInv)
((Armour fits poorly on your strangely shaped body.))
((Your system is resistant to poisons. (rPois)))
((You cover ground very slowly.))
You have a slow metabolism.
You can spit poison.


Message History

You barely miss Edmund.
Edmund is lightly wounded.
Edmund misses you.
You hit Edmund.
Edmund looks as sick as possible!
Edmund is lightly wounded.
You closely miss Edmund.
Edmund is moderately wounded.
Edmund closely misses you.
You hit Edmund.
Edmund looks as sick as possible!
Edmund is moderately wounded.
Edmund hits you with a +5 flail of draining!
* * * LOW HITPOINT WARNING * * *
You feel drained.
* * * LOW HITPOINT WARNING * * *
You hit Edmund.
Edmund looks as sick as possible!
Edmund is moderately wounded.
Edmund hits you with a +5 flail of draining!
* * * LOW HITPOINT WARNING * * *
You feel drained.
You die...

,,,,,,,,**+**,#...,....,...,,* #
**,****,,,,,*,#..#*#..#*#.#*** #
*,* *,,,,,#,#..# #..# #.# ### *,*
*,,.,,#.#..# #..# #.# #.. *,*
*,,...#.#..###..###.#####.# *,*
*,,.>...................... *,*
*,*,.##.#(.###.###..#####.#
*,****,*,,**,#..# #.# #.## #.#
*,,,,,,,,,**,#.s# #.# #.# #.#
*,****,,.......@#*#.# #.#* #.#
*,* *,*..##.#.#.,..# #..#*###.#
*,* *,,,,.....*.##.###.........
*,* *,,.......,................
*,* *,,...#.##*.....,...##.##.#
*,* **,^..#.* *#....,#..##.##.#
*,*****,,,,#.****.....#..##.##.#
**,,,,,,,,,,,,,,,,.....#..##.##.#


You could see Edmund.

Vanquished Creatures
  3 hounds (D:4)
  3 orc priests
  2 orc wizards
  2 worker ants
  4 adders
  An adder skeleton (D:4)
  A worm (D:4)
  2 dart slugs
  A leopard gecko (D:3)
  8 orcs
  3 giant cockroaches
  5 hobgoblins
  6 jackals
  3 quokkas
  6 bats
  10 frilled lizards
  13 goblins
  4 kobolds
  A quokka zombie (D:2)
  12 rats
90 creatures vanquished.

Vanquished Creatures (collateral kills)
  A bat (D:3)
1 creature vanquished.

Grand Total: 91 creatures vanquished

Notes
Turn   | Place    | Note
-------+----------+-------------------------------------------
     0 | D:1      | Kohma the Naga Transmuter began the quest for the Orb.
     0 | D:1      | Reached XP level 1. HP: 18/18 MP: 3/3
   297 | D:1      | Reached XP level 2. HP: 15/25 MP: 3/5
   301 | D:1      | Learned a level 2 spell: Sticks to Snakes
  1259 | D:1      | Reached XP level 3. HP: 29/31 MP: 4/6
  1445 | D:2      | Learned a level 3 spell: Spider Form
  1858 | D:2      | Reached skill level 3 in Transmutations
  2415 | D:2      | Reached XP level 4. HP: 38/38 MP: 6/8
  2661 | D:2      | Reached skill level 1 in Poison Magic
  3327 | D:3      | Reached skill level 4 in Transmutations
  3608 | D:3      | Reached XP level 5. HP: 44/44 MP: 5/9
  4320 | D:3      | Reached skill level 5 in Transmutations
  4896 | D:4      | Found Jalo's Book Boutique.
  4965 | D:4      | Reached XP level 6. HP: 45/51 MP: 6/10
  4981 | D:4      | Found a burning altar of Makhleb.
  5106 | D:4      | Reached skill level 6 in Transmutations
  5465 | D:4      | Noticed Edmund
  5478 | D:4      | HP: 1/51 [Edmund/+5 flail of draining (12)]
  5478 | D:4      | Slain by Edmund

Levels and vault maps discovered:
D:1:      minmay_arrival_split_and_join, layout_loops_ring
D:2:      layout_loops_corners, minmay_diced_spiral
D:3:      layout_basic, kennysheep_boxes
D:4:      layout_basic, makhleb_blood_cavern_becter, first_ration, serial_shops,
          shop, uniq_edmund

Skill      XL: |  1  2  3  4  5  6 |
---------------+-------------------+-----
Transmutations | 3 4 5 6 |  6.5
Spellcasting   | 3 |  3.0
Poison Magic   | 1 |  1.2
Fighting       | |  1.0
Dodging        | |  1.5
Unarmed Combat | |  3.0

Action                   |  1- 3 |  4- 6 || total
-------------------------+-------+-------++-------
Melee: Unarmed           |   148 |   174 ||   322
       Headbutt          |    21 |     9 ||    30
       Punch             |     3 |       ||     3
 Cast: Beastly Appendage |    31 |    11 ||    42
       Sticks to Snakes  |     3 |     3 ||     6
       Spider Form       |       |    16 ||    16
  Use: Scroll            |       |     9 ||     9
 Stab: Sleeping          |     1 |       ||     1
  Eat: Chunk             |     4 |     9 ||    13
Armor: Robe              |    24 |    15 ||    39
       Skin              |       |     3 ||     3
Dodge: Dodged            |    92 |   107 ||   199

Table legend:
 A = Non-vault XP
 B = Vault XP
 C = Vault XP percentage of total XP
 D = Non-vault monster count
 E = Vault monster count
 F = Vault count percentage of total count
                 A         B        C        D         E       F
            +---------+---------+-------+---------+---------+-------
      Total |     534 |      47 |   8.1 |      88 |       3 |   3.3
            +---------+---------+-------+---------+---------+-------
        D:1 |      36 |       0 |   0.0 |      24 |       0 |   0.0
        D:2 |      81 |       2 |   2.4 |      25 |       2 |   7.4
        D:3 |     162 |       0 |   0.0 |      28 |       0 |   0.0
        D:4 |     255 |      45 |  15.0 |      11 |       1 |   8.3
            +---------+---------+-------+---------+---------+-------
